Map: Lerilak Crest

Players

Shadow

  • Race: Zerg Zerg

MorN

  • Race: Zerg Zerg
  • League: Diamond

PHENIX

  • Race: Terran Terran

FinnsoN

  • Race: Terran Terran
  • League: Diamond

VOD

Have the link to the VOD?

Description

Time

  • Played on: Nov. 15, 2015, 6:53 p.m.
  • Length: 9:23
Show
View Real Time Build Order
Export as new Build Order

Shadow Zerg 

Build Orders: Pool First 

Get SALT Encoding   

  12  0:03  Drone  
  13  0:13  Overlord  
  13  0:19  Drone  
  14  0:39  Spawning Pool  
  13  0:48  Drone x2  
  15  0:52  Drone  
  15  0:56  Extractor  
  15  1:01  Drone  
  16  1:22  Drone  
  16  1:24  Drone  
  18  1:28  Queen  
  20  1:35  Zergling x2  
  21  1:42  Zergling x2  
  22  2:06  Overlord x2  
  22  2:14  Extractor  
  21  2:15  Drone  
  22  2:29  Zergling x2  
  22  2:35  Spine Crawler  
  22  2:36  Hatchery  
  19  2:48  Zergling x4  
  19  2:49  Zergling x4  
  23  2:53  Metabolic Boost  
  23  3:02  Zergling x2  
  24  3:17  Spine Crawler  
  23  3:23  Lair  
  23  3:28  Drone  
  24  3:39  Drone x2  
  26  3:53  Zergling x4  
  28  3:58  Drone  
  28  4:01  Queen  
  31  4:16  Zergling x2  
  31  4:17  Zergling x4  
  34  4:27  Drone x3  
  37  4:48  Drone x2, Spire  
  38  4:53  Drone x2  
  38  4:57  Drone  
  41  5:01  Drone  
  41  5:05  Drone  
  43  5:11  Overlord  
  43  5:15  Extractor  
  43  5:18  Extractor  
  41  5:23  Drone  
  41  5:25  Overlord  
  42  5:32  Overlord  
  42  5:38  Zergling x2  
  42  5:39  Zergling x4  
  45  5:49  Drone x2  
  47  5:50  Overlord  
  47  5:52  Drone  
  47  5:57  Drone  
  49  5:58  Drone  
  50  6:12  Mutalisk  
  50  6:16  Mutalisk  
  49  6:26  Mutalisk x2  
  53  6:33  Mutalisk  
  55  6:40  Mutalisk  
  55  6:41  Mutalisk  
  55  6:43  Drone  
  55  6:44  Drone  
  60  6:55  Mutalisk  
  60  6:56  Mutalisk  
  64  7:08  Overseer  
  64  7:10  Pneumatized Carapace  
  64  7:11  Drone  
  64  7:13  Drone  
  66  7:16  Drone  
  66  7:19  Drone  
  68  7:26  Mutalisk  
  68  7:28  Mutalisk  
  61  7:43  Mutalisk x2  
  23  8:14  Drone x3  
  23  8:16  Drone x2  
  23  8:17  Drone  
  23  8:18  Drone  
  28  8:22  Queen  
  26  8:44  Drone  
  26  8:45  Drone x4  
Show
View Real Time Build Order
Export as new Build Order

MorN Zerg 

Build Orders:  

Get SALT Encoding   

  12  0:00  SCV  
  13  0:12  SCV  
  14  0:18  Supply Depot  
  14  0:24  SCV  
  15  0:40  SCV  
  15  0:41  Barracks  
  16  0:47  Refinery  
  16  0:52  SCV  
  17  1:04  SCV  
  18  1:16  SCV  
  19  1:29  Reaper  
  19  1:30  Orbital Command  
  20  1:34  Supply Depot  
  20  1:55  Command Center  
  20  1:57  SCV  
  21  2:01  Reaper  
  22  2:09  SCV  
  23  2:20  Refinery  
  23  2:28  Factory  
  24  2:30  SCV  
  24  2:43  SCV  
  25  2:44  Bunker  
  25  2:47  Barracks Reactor  
  25  2:55  SCV  
  26  2:59  Barracks  
  26  3:01  Barracks  
  26  3:08  SCV  
  26  3:10  Supply Depot  
  27  3:13  Starport  
  27  3:23  SCV  
  27  3:25  Orbital Command  
  27  3:35  SCV, Hellion  
  27  3:37  Hellion  
  32  3:47  Barracks Tech Lab, Engineering Bay  
  32  3:50  Barracks Tech Lab  
  32  3:52  Marine  
  32  3:54  SCV  
  34  3:58  Starport Reactor  
  34  4:00  SCV  
  35  4:07  Stimpack, Marine  
  35  4:09  SCV  
  37  4:14  Missile Turret  
  37  4:21  Marine x2  
  37  4:24  SCV, Bunker  
  39  4:28  Hellion  
  39  4:29  Hellion  
  39  4:30  SCV  
  45  4:32  Marine  
  45  4:36  Terran Infantry Weapons Level 1  
  45  4:37  SCV  
  47  4:42  Barracks Reactor, Marine, SCV  
  47  4:45  Combat Shields  
  49  4:50  SCV  
  49  4:52  Marine  
  51  4:54  Supply Depot  
  51  4:56  Medivac  
  51  4:58  SCV  
  54  5:11  SCV, Medivac, Marine x2  
  54  5:13  Supply Depot, SCV  
  60  5:16  Supply Depot  
  60  5:18  Marine x2  
  62  5:28  SCV  
  62  5:29  Marine x2  
  62  5:31  SCV  
  66  5:38  Marine  
  67  5:43  SCV  
  67  5:47  Command Center  
  67  5:48  SCV, Marine  
  67  5:49  Supply Depot, Marine  
  71  5:51  Marine  
  71  5:56  Marine  
  74  5:57  SCV, Supply Depot  
  74  6:00  SCV  
  74  6:01  Refinery  
  74  6:02  Medivac  
  77  6:05  Medivac  
  77  6:08  Marine x2  
  81  6:11  SCV  
  81  6:15  Missile Turret  
  82  6:20  Marine x2  
  82  6:21  SCV  
  84  6:25  Supply Depot  
  84  6:26  SCV, Marine x2  
  84  6:30  Terran Infantry Armor Level 1  
  87  6:35  SCV  
  87  6:38  Marine  
  87  6:39  Engineering Bay  
  89  6:41  SCV, Armory  
  89  6:44  Refinery  
  82  6:49  Supply Depot, Marine x2  
  82  6:53  Marine  
  85  6:56  Marine  
  85  6:58  Medivac  
  88  7:03  Orbital Command  
  88  7:04  SCV  
  88  7:05  SCV  
  88  7:07  Marine  
  88  7:08  Marauder  
  93  7:11  Marine  
  94  7:16  SCV  
  94  7:17  SCV  
  94  7:18  Barracks  
  94  7:22  Barracks  
  96  7:24  Supply Depot  
  96  7:26  Marine x2  
  96  7:29  SCV, Widow Mine  
  102  7:30  SCV, Marine  
  102  7:35  SCV  
  102  7:36  Marine  
  103  7:41  SCV  
  103  7:42  SCV  
  103  7:43  Marine  
  101  7:44  Marine  
  101  7:45  Supply Depot  
  101  7:47  SCV  
  101  7:48  Marine  
  103  7:51  Missile Turret  
  103  7:53  SCV  
  103  7:54  Marine  
  103  7:56  Factory  
  105  8:01  Marine  
  105  8:02  Marine  
  105  8:03  SCV  
  108  8:06  Marine  
  108  8:07  Supply Depot x2  
  108  8:10  SCV  
  108  8:12  Marine  
  112  8:14  SCV  
  112  8:15  SCV  
  112  8:19  Marine  
  116  8:20  Concussive Shells  
  116  8:22  Barracks Reactor x2, SCV  
  116  8:25  Refinery  
  116  8:30  Barracks, Marine x3  
  116  8:31  Barracks  
  119  8:37  Marine  
  119  8:42  Refinery  
  119  8:48  Factory Tech Lab, Marine  
  120  8:52  Marine x2  
  120  8:54  Command Center  
  120  8:55  Marine  
  134  9:10  Missile Turret  
  140  9:19  Barracks Reactor x2  
  141  9:22  Barracks  
Show
View Real Time Build Order
Export as new Build Order

PHENIX Terran 

Build Orders:  

Get SALT Encoding   

Show
View Real Time Build Order
Export as new Build Order

FinnsoN Terran 

Build Orders:  

Get SALT Encoding   

Tags
 
Add a new tag
Caveats
  • Supply blocks, unpowered buildings, or Contaminate may cause inaccurate times.
  • Supply counts are checked every 10 seconds.